 Dungeon Crawl Stone Soup version 0.27.0-1-g7a089689b8 (webtiles) character file.

Game seed: 14616342468593748196

23364 kalagan the Thaumaturge (level 12, -2/62 HPs)
             Began as a Deep Elf Conjurer on Aug 12, 2021.
             Was a Priest of Sif Muna.
             Collided with some lava (18 damage)
             ... caused by a swamp worm
             ... on level 2 of the Lair of Beasts.
             The game lasted 00:54:29 (15082 turns).

kalagan the Thaumaturge (Deep Elf Conjurer)        Turns: 15082, Time: 00:54:30

Health: -2/62      AC: 10    Str:  8    XL:     12   Next: 71%
Magic:  23/30      EV: 15    Int: 25    God:    Sif Muna [***...]
Gold:   807        SH:  9    Dex: 13    Spells: 19/35 levels left

rFire    + . .     SeeInvis .   C - +4 scimitar (holy)
rCold    + . .     Faith    .   w - +0 buckler
rNeg     . . .     Spirit   .   k - +0 steam dragon scales
rPois    +         Reflect  +   d - +1 helmet
rElec    .         Harm     .   l - +1 cloak {rPois}
rCorr    .         Rampage  .   (no gloves)
Will     +....                  E - +0 pair of boots
Stlth    ++++......             y - amulet of reflection
HPRegen  0.20/turn              c - ring of protection from cold
MPRegen  0.22/turn              g - ring of protection from fire

@: studying Fire Magic
A: no striking features
a: Renounce Religion, Channel Magic, Forget Spell


You were on level 2 of the Lair of Beasts.
You worshipped Sif Muna.
Sif Muna was most pleased with you.
You visited 3 branches of the dungeon, and saw 15 of its levels.

You collected 807 gold pieces.

Inventory:

Hand Weapons
 a - the +9 trident of the Dead {vorpal, Str+2}
   (You took it off a spriggan on level 9 of the Dungeon)

   It inflicts extra damage upon your enemies.
   Str:       It affects your strength (+2).
 t - a +1 vorpal scimitar
 C - a +4 scimitar of holy wrath (weapon)
Missiles
 A - a curare-tipped dart
Armour
 d - a +1 helmet (worn)
 k - +0 steam dragon scales (worn)
 l - a +1 cloak of poison resistance (worn)
 w - a +0 buckler (worn)
 E - a +0 pair of boots (worn)
 I - the -2 pair of gloves of Jeillote {Int+3}
   (You found it on level 1 of the Lair of Beasts)

   Int:       It affects your intelligence (+3).
Jewellery
 c - a ring of protection from cold (left hand)
 g - a ring of protection from fire (right hand)
 r - a ring of see invisible
 u - a ring of flight
 y - an amulet of reflection (around neck)
 H - a ring of resist corrosion
Wands
 i - a wand of acid (18)
 m - a wand of flame (20)
 v - a wand of iceblast (11)
 D - a wand of digging (7)
Scrolls
 o - 2 scrolls of torment
 q - a scroll of teleportation
 x - a scroll of blinking
 F - a scroll of magic mapping {unknown}
 G - a scroll of immolation
Potions
 b - 3 potions of might
 e - a potion of heal wounds
 f - a potion of resistance
 h - 2 potions of mutation
 j - 7 potions of lignification
 n - 3 potions of flight
 p - 4 potions of curing
 s - 2 potions of ambrosia
 z - a potion of haste
 B - a potion of brilliance


   Skills:
 + Level 2.1 Fighting
 + Level 2.3 Long Blades
 - Level 2.0 Armour
 + Level 8.3 Dodging
 + Level 8.7 Stealth
 * Level 3.2 Shields
 * Level 12.1 Spellcasting
 * Level 11.1 Conjurations
 + Level 9.9 Hexes
 * Level 7.9 Translocations
 - Level 4.0 Fire Magic
 * Level 7.4 Invocations
 - Level 2.0 Evocations


You had 19 spell levels left.
You knew the following spells:

 Your Spells              Type           Power      Damage    Failure   Level
a - Magic Dart            Conj           100%       1d8       1%          1
b - Searing Ray           Conj           100%       3d7       1%          2
c - Dazzling Flash        Conj/Hex       100%       N/A       1%          3
d - Fulminant Prism       Conj/Hex       31%        3d16      1%          4
e - Iskenderun's Mystic   Conj/Tloc      58%        2d12      1%          4
s - Slow                  Hex            60%        N/A       1%          2

Your spell library contained the following spells:

 Spells                   Type           Power      Damage    Failure   Level
 Confusing Touch          Hex            60%        N/A       1%          3
 Mephitic Cloud           Conj/Pois/Air  33%        N/A       2%          3
 Call Imp                 Summ           15%        N/A       7%          2
 Ozocubu's Armour         Ice            15%        N/A       13%         3
 Vampiric Draining        Necr           7%         2d7       13%         3
 Summon Mana Viper        Hex/Summ       40%        N/A       16%         5
 Yara's Violent Unravell  Hex/Tmut       20%        3d9       16%         5
 Summon Forest            Summ/Tloc      17%        N/A       24%         5
 Shadow Creatures         Summ           N/A        N/A       100%        6
 Ozocubu's Refrigeration  Ice            7%         4d6       100%        7


Dungeon Overview and Level Annotations

Branches:
Dungeon (11/15)            Temple (1/1) D:7            Lair (3/6) D:11
  Swamp: Lair:2-4    Shoals: Lair:2-4     Snake: Lair:2-4    Spider: Lair:2-4
    Orc: D:9-12

Altars:
Ashenzari
Cheibriados
Dithmenos
Elyvilon
Fedhas
Gozag
Hepliaklqana
Kikubaaqudgha
Makhleb
Nemelex Xobeh
Okawaru
Qazlal
Ru
Sif Muna
Trog
Uskayaw
Vehumet
Wu Jian
Yredelemnul
Zin
The Shining One
Beogh

Shops:
D:11 (

Annotations:
D:3 2 transporters, coldbreeze's ghost, weakling PaGl
Lair:2 1 transporter, 3 runed translucent doors, Qoesoec's ghost, journeyman GrFi


Message History

Unknown command.
Unknown command.
You see here a +0 trident.
You see here a +0 trident.
You open the door.
Casting: Fulminant Prism (dangerous; 1% risk of failure)
Confirm with . or Enter, or press ? or * to list all spells.
Aiming: Fulminant Prism (dangerous; 1% risk of failure)
Press: ? - help, Dir - move target You conjure a prism of explosive energy!
A fulminant prism comes into view.
Unknown command.
Casting: Fulminant Prism (dangerous; 1% risk of failure)
Confirm with . or Enter, or press ? or * to list all spells.
Aiming: Fulminant Prism (dangerous; 1% risk of failure)
Press: ? - help, Dir - move target Out of range.
Okay, then.
Unknown command.
Unknown command.
Casting: Fulminant Prism (dangerous; 1% risk of failure)
Confirm with . or Enter, or press ? or * to list all spells.
Okay, then.
The swamp worm fires a harpoon shot at you.
The harpoon shot hits you.
You are yanked forward by the harpoon shot.
You violently stop moving!
The swamp worm fires a harpoon shot at your fulminant prism.
The harpoon shot hits your fulminant prism!!
Your fulminant prism detonates feebly.
The swamp worm fires a harpoon shot at you.
The harpoon shot hits you.
You are yanked forward by the harpoon shot.
You violently stop moving!
The swamp worm fires a harpoon shot at you.
The harpoon shot hits you.
* * * LOW HITPOINT WARNING * * *
You are yanked forward by the harpoon shot.
You violently stop moving!
You die...

.##.#### ##.....# ####........
.#### ###.....# #.....#... .#
###..#....# #######... ##
##.........####### ##..#
###.............##.#####..#.
##.P...#########..........###
##......##w#w#w##.....#......#
#......##≈≈≈≈#≈§####..........
##.....#PPP..@§§#.[#..##......
#
##....©#©^^^^^^§'.©#©....<....
#
#......#PPP.○...#).#...#.....#
#
####...##≈≈≈#≈≈§####......####
# ##...#w#w#♣#w#......#.## #
##)..#########.......## #
#...................## #
#P...#.P#.#....##....#
##..(#......##.###.###


You could see 6 swamp worms.

Vanquished Creatures
  Harold (D:7)
  A catoblepas (Lair:2)
  2 two-headed ogres
  A boulder beetle (D:11)
  The ghost of Quickbrownfox the Magician, a novice DsIE of Makhleb (D:9)
  3 skeletal warriors (D:11)
  2 black mambas
  8 elephants (Lair:2)
  Maurice (D:8)
  A komodo dragon (Lair:1)
  Maggie (D:6)
  3 cane toads
  4 rime drakes
  A troll (D:10)
  A freezing wraith (D:11)
  4 blink frogs (Lair:2)
  3 spriggans (D:9)
  2 wyverns
  Eustachio (D:4)
  A basilisk (D:11)
  26 yaks
  Edmund (D:4)
  8 water moccasins
  5 black bears
  5 orc warriors
  A sky beast (D:7)
  2 wolves (Lair:1)
  A centaur (D:6)
  3 kobold brigands
  A wyvern zombie (D:8)
  2 gnoll sergeants (D:9)
  5 bullfrogs
  A water moccasin skeleton (D:5)
  9 wights
  13 killer bees
  2 howler monkeys (D:9)
  An electric eel (Lair:2)
  A bullfrog zombie (D:6)
  2 centaur zombies
  A centaur skeleton (D:7)
  3 hounds
  2 bullfrog skeletons (D:5)
  9 orc priests
  Crazy Yiuf (D:3)
  3 jellies
  Ijyb (D:4)
  Natasha (thrice) (D:3)
  Terence (D:2)
  13 orc wizards
  An iguana (D:5)
  2 killer bee zombies
  A howler monkey skeleton (D:6)
  5 adders
  11 gnolls
  2 shadow imps (D:3)
  An adder skeleton (D:2)
  4 worms
  5 dart slugs
  28 orcs
  5 endoplasms
  6 giant cockroaches
  5 hobgoblins
  8 jackals
  19 kobolds
  4 quokkas
  9 ball pythons
  4 bats
  8 frilled lizards (D:5)
  7 goblins
  A quokka skeleton (D:4)
  4 rats
  8 briar patches (Lair:2)
316 creatures vanquished.

Vanquished Creatures (others)
  A troll (D:11)
  A basilisk (D:11)
  A black bear (D:11)
  A wolf (Lair:1)
  A kobold (D:11)
  74 fulminant prisms
  10 fungi
  37 plants
126 creatures vanquished.

Grand Total: 442 creatures vanquished

Notes
Turn   | Place    | Note
-------+----------+-------------------------------------------
     0 | D:1      | kalagan the Deep Elf Conjurer began the quest for the Orb.
     0 | D:1      | Reached XP level 1. HP: 10/10 MP: 6/6
   355 | D:1      | Reached XP level 2. HP: 15/15 MP: 6/8
   358 | D:1      | Learned a level 2 spell: Searing Ray
  1032 | D:1      | Reached XP level 3. HP: 19/19 MP: 8/10
  1036 | D:1      | Learned a level 3 spell: Dazzling Flash
  1059 | D:1      | Found a faded altar of an unknown god.
  1286 | D:2      | Reached skill level 1 in Hexes
  1376 | D:2      | Learned a level 2 spell: Slow
  1385 | D:2      | Reached skill level 5 in Conjurations
  1449 | D:2      | Noticed Terence
  1460 | D:2      | Killed Terence
  1461 | D:2      | Reached skill level 4 in Spellcasting
  1461 | D:2      | Reached XP level 4. HP: 23/24 MP: 1/12
  2008 | D:3      | Found a transporter.
  2035 | D:3      | Reached XP level 5. HP: 28/28 MP: 3/13
  2134 | D:3      | Found a transporter.
  2183 | D:3      | Found a transporter.
  2242 | D:3      | Noticed coldbreeze's ghost (weakling PaGl)
  2244 | D:3      | Found a transporter.
  2366 | D:3      | Noticed Natasha
  2369 | D:3      | Killed Natasha
  2381 | D:3      | Noticed Natasha
  2386 | D:3      | Killed Natasha
  2820 | D:3      | Noticed Natasha
  2825 | D:3      | Killed Natasha
  2826 | D:3      | Reached skill level 5 in Spellcasting
  2826 | D:3      | Reached XP level 6. HP: 19/32 MP: 9/15
  2835 | D:3      | Learned a level 4 spell: Fulminant Prism
  2970 | D:3      | Found a blossoming altar of Fedhas.
  3052 | D:3      | Found a runed translucent door.
  3053 | D:3      | Noticed Crazy Yiuf
  3059 | D:3      | Killed Crazy Yiuf
  3594 | D:4      | Noticed Edmund
  3605 | D:4      | Killed Edmund
  3606 | D:4      | Reached XP level 7. HP: 36/36 MP: 3/17
  3708 | D:4      | Found a hide-covered altar of Uskayaw.
  3806 | D:4      | Noticed Ijyb
  3824 | D:4      | Killed Ijyb
  4074 | D:4      | Noticed Eustachio
  4084 | D:4      | Killed Eustachio
  4085 | D:4      | Reached skill level 6 in Spellcasting
  4652 | D:5      | Entered Level 5 of the Dungeon
  4888 | D:5      | Reached skill level 5 in Hexes
  5394 | D:5      | Found a sand-covered staircase.
  5596 | D:5      | Reached XP level 8. HP: 41/41 MP: 12/20
  5653 | D:6      | Found a radiant altar of Vehumet.
  5720 | D:6      | Reached skill level 7 in Spellcasting
  5783 | D:6      | Reached skill level 5 in Stealth
  5815 | D:6      | Reached skill level 5 in Dodging
  6123 | D:6      | Noticed Maggie
  6144 | D:6      | Killed Maggie
  6145 | D:6      | Reached skill level 8 in Spellcasting
  6328 | D:6      | Learned a level 4 spell: Iskenderun's Mystic Blast
  6588 | D:6      | Found a sparkling altar of Nemelex Xobeh.
  6588 | D:6      | Found an opulent altar of Gozag.
  6682 | D:7      | Found a staircase to the Ecumenical Temple.
  6718 | Temple   | Entered the Ecumenical Temple
  6772 | Temple   | Became a worshipper of Sif Muna the Loreminder
  6953 | D:7      | Reached skill level 1 in Translocations
  6953 | D:7      | Reached skill level 1 in Fire Magic
  6953 | D:7      | Reached XP level 9. HP: 23/45 MP: 15/23
  7670 | D:7      | Noticed Harold
  7684 | D:7      | Killed Harold
  7685 | D:7      | Reached skill level 1 in Invocations
  8165 | D:7      | Reached skill level 9 in Spellcasting
  9123 | D:8      | Reached skill level 1 in Evocations
  9315 | D:8      | Noticed Maurice
  9325 | D:8      | Killed Maurice
  9326 | D:8      | Reached XP level 10. HP: 25/51 MP: 12/25
  9613 | D:8      | Reached * piety under Sif Muna
  9798 | D:8      | Reached skill level 1 in Fighting
 10343 | D:9      | Reached skill level 1 in Long Blades
 10353 | D:9      | Noticed a two-headed ogre
 10361 | D:9      | Reached skill level 1 in Armour
 10376 | D:9      | Killed a two-headed ogre
 10675 | D:9      | Found a runed translucent door.
 10675 | D:9      | Noticed Quickbrownfox's ghost (novice DsIE)
 10736 | D:9      | Reached ** piety under Sif Muna
 11315 | D:9      | Identified the +9 trident of the Dead {vorpal, Str+2}
 11327 | D:9      | Reached skill level 10 in Spellcasting
 11486 | D:9      | Killed Quickbrownfox's ghost
 11616 | D:9      | You fall into a shaft and drop 2 floors!
 11632 | D:11     | Found a staircase to the Lair.
 11637 | D:11     | Reached skill level 5 in Translocations
 11647 | D:11     | Noticed a skeletal warrior
 11677 | D:11     | Found Neagi's Firing Range.
 11697 | D:11     | Reached XP level 11. HP: 47/57 MP: 8/27
 11713 | D:11     | Killed a skeletal warrior
 11822 | D:11     | Noticed a two-headed ogre
 11829 | D:11     | Killed a two-headed ogre
 11840 | D:11     | Reached skill level 1 in Shields
 11860 | D:11     | Noticed a boulder beetle
 11889 | D:10     | Entered Level 10 of the Dungeon
 11896 | D:10     | Noticed a phantasmal warrior
 11925 | D:11     | Killed a boulder beetle
 11926 | D:11     | Reached skill level 5 in Invocations
 11927 | D:11     | Noticed a skeletal warrior
 11927 | D:11     | Noticed a skeletal warrior
 11971 | D:11     | Reached skill level 10 in Conjurations
 12022 | D:11     | Killed a skeletal warrior
 12035 | D:11     | Killed a skeletal warrior
 12572 | Lair:1   | Entered Level 1 of the Lair of Beasts
 12583 | Lair:1   | Reached skill level 11 in Spellcasting
 13114 | Lair:1   | Identified the -2 pair of gloves of Jeillote {Int+3}
 13508 | Lair:2   | Reached XP level 12. HP: 50/62 MP: 13/29
 13985 | Lair:2   | Noticed a catoblepas
 14007 | Lair:2   | Killed a catoblepas
 14008 | Lair:2   | You fall into a shaft and drop 1 floor!
 14170 | Lair:3   | Reached *** piety under Sif Muna
 14173 | Lair:3   | Reached skill level 12 in Spellcasting
 14242 | Lair:2   | Found a transporter.
 14511 | Lair:2   | Found a transporter.
 14725 | Lair:2   | Noticed Qoesoec's ghost (journeyman GrFi)
 14725 | Lair:2   | Noticed a minotaur
 14735 | Lair:2   | Found a runed translucent gate.
 14735 | Lair:2   | Found a runed translucent gate.
 14735 | Lair:2   | Found a runed translucent gate.
 15082 | Lair:2   | Collided with some lava

Illustrated notes

Levels and vault maps discovered:
D:1:      minmay_arrival_four_houses, layout_basic,
          hellmonk_ecumenical_altar_defaced_shrine
D:2:      layout_rooms, uniq_terence
D:3:      gammafunk_wand_slinger, layout_rooms, lemuel_doored_altar,
          gammafunk_ghost_arena, dk_noncrumbling_3, hangedman_feature_mirror,
          uniq_crazy_yiuf_cottage, uniq_natasha
D:4:      layout_layer_cave, nicolae_uskayaw_dance_hall,
          guppyfry_early_lair_pool, uniq_ijyb, uniq_edmund, uniq_eustachio
D:5:      layout_loops_ring, chequers_ossuary_entry_cave, minmay_lizard_king
D:6:      layout_rooms, grunt_temple_overflow_opulence,
          mainiacjoe_overflow_tiny_flanked, uniq_maggie
D:7:      layout_basic, minmay_temple_entry_gardened_gates,
          serial_co_window_serial, co_window_of_opportunity_a,
          co_window_corner_a, co_window_paths_a, co_window_of_opportunity_a,
          co_window_paths_a, co_window_corner_ca, co_window_2corner,
          co_window_of_opportunity_b, co_window_corner_b,
          co_window_unsneaky_path_a, co_window_2corner, co_window_corner_ca,
          co_window_paths_e, glass_columns_a, glass_columns_c, glass_columns_c,
          uniq_harold
D:8:      layout_loops_ring, uniq_maurice
D:9:      layout_basic, ebering_ghost_funeral_grove, serial_bayou_pond_e
D:10:     layout_rooms, xom_redecorated
D:11:     layout_rooms, david_lair_generic, nicolae_shop_firing_range
Temple:   nicolae_temple_x_marks_the_god
Lair:1:   layout_hall_layers, st_stairs_12
Lair:2:   gammafunk_worm_tunnel, layout_misc_corridors,
          maelrawn_ghost_gauntlet_escape, serial_bayou_pond_b,
          chequers_serial_rivers_micro_e
Lair:3:   layout_cave_pods, minmay_shoals_entry_hut, guppyfry_lair_drakes,
          infiniplex_staircase_pool_2, minmay_lair_oklob_chamber

Skill      XL: |  1  2  3  4  5  6  7  8  9 10 11 12 |
---------------+-------------------------------------+-----
Dodging        | 3 4 5 6 7 8 |  8.3
Hexes          | 1 2 3 4 5 7 8 9 |  9.9
Stealth        | 3 4 5 6 7 8 |  8.7
Conjurations   | 5 6 7 8 9 10 11 | 11.1
Spellcasting   | 4 5 6 8 9 10 11 12 | 12.1
Translocations | 1 3 5 6 7 |  7.9
Fire Magic     | 1 3 4 |  4.0
Invocations    | 2 4 6 7 |  7.4
Evocations     | 1 2 |  2.0
Fighting       | 1 2 |  2.1
Long Blades    | 2 |  2.3
Armour         | 1 2 |  2.0
Shields        | 2 3 |  3.2

Action                   |  1- 3 |  4- 6 |  7- 9 | 10-12 || total
-------------------------+-------+-------+-------+-------++-------
Melee: Short sword       |     2 |     2 |    13 |       ||    17
       Unarmed           |       |       |     7 |       ||     7
       Scimitar          |       |       |    15 |    66 ||    81
Throw: Dart              |       |       |       |     1 ||     1
 Cast: Magic Dart        |    67 |    78 |    97 |    35 ||   277
       Searing Ray       |     3 |    12 |    32 |    28 ||    75
       Slow              |       |     6 |    14 |    21 ||    41
       Fulminant Prism   |       |     1 |    14 |    59 ||    74
       Iskenderun's Myst |       |       |     2 |    80 ||    82
       Dazzling Flash    |       |       |       |     1 ||     1
Invok: Channel Magic     |       |       |       |    11 ||    11
Evoke: Wand              |       |     1 |    10 |    55 ||    66
  Use: Scroll            |       |     5 |     8 |     9 ||    22
       Potion            |       |       |     3 |     4 ||     7
 Stab: Sleeping          |       |     2 |     1 |     1 ||     4
       Paralysed         |       |       |    15 |    14 ||    29
       Distracted        |       |       |       |     1 ||     1
Armor: Robe              |     1 |     1 |     4 |       ||     6
       Steam dragon scal |       |       |    10 |    35 ||    45
Dodge: Dodged            |     1 |     4 |    51 |    91 ||   147
Block: Buckler           |       |       |       |     2 ||     2
       Other             |       |       |       |     1 ||     1
       Rpst.: Scimitar   |       |       |    10 |    30 ||    40
